3A
WASHINGTON GENERALS @ HARRISBURG HARRIERS
06/23/2021
 
TOP OF THE 1ST
Washington Generals batting - Pitching for Harrisburg Harriers : RHP Carlos Ramos
Pitching: RHP Carlos Ramos
Batting: RHB Iván Rodríguez 0-0: SINGLE (Line Drive, 78S)
Batting: RHB Vicente Hernández 0-0: Ball
1-0: Called Strike
1-1: Ball
2-1: Grounds into double play, U6-3 (Groundball, 6)
Batting: RHB Harley Gray 0-0: Called Strike
0-1: Foul Ball, location: 2F
0-2: Strikes out swinging
Top of the 1st over - 0 run(s), 1 hit(s), 0 error(s), 0 left on base; Washington 0 - Harrisburg 0
BOTTOM OF THE 1ST
Harrisburg Harriers batting - Pitching for Washington Generals : RHP Curt Walker
Pitching: RHP Curt Walker
Batting: LHB José Cordero 0-0: Ball
1-0: SINGLE (Flyball, 89S)
Batting: LHB Salvador Avilés 0-0: Called Strike
0-1: Ball
1-1: Fly out, F8 (Flyball, 8LM)
Batting: RHB Patrizio Vanali 0-0: Called Strike
José Cordero steals 2nd base
0-1: Ball
1-1: Foul Ball, location: 2F
1-2: Fly out, F8 (Flyball, 8RM)
Batting: LHB Héctor Torres 0-0: Ball
1-0: Ball
2-0: Ball
3-0: Base on Balls
Batting: RHB Mike Greene 0-0: Called Strike
0-1: Foul Ball, location: 2F
0-2: Ball
1-2: Ground out 4-3 (Groundball, 13)
Bottom of the 1st over - 0 run(s), 1 hit(s), 0 error(s), 2 left on base; Washington 0 - Harrisburg 0
TOP OF THE 2ND
Washington Generals batting - Pitching for Harrisburg Harriers : RHP Carlos Ramos
Batting: RHB Arturo Morales 0-0: Called Strike
0-1: Ball
1-1: Ball
2-1: Ball
3-1: Foul Ball, location: 2F
3-2: Foul Ball, location: 2F
3-2: Strikes out swinging
Batting: RHB Jim Unknown 0-0: Ball
1-0: Ball
2-0: Ground out 5-3 (Groundball, 5)
Batting: LHB Jim Unknown 0-0: Foul Ball, location: 2F
0-1: Foul Ball, location: 2F
0-2: Strikes out looking
Top of the 2nd over - 0 run(s), 0 hit(s), 0 error(s), 0 left on base; Washington 0 - Harrisburg 0
BOTTOM OF THE 2ND
Harrisburg Harriers batting - Pitching for Washington Generals : RHP Curt Walker
Batting: RHB Jorge Figueroa 0-0: Ball
1-0: Fly out, F4 (Popup, 6MD)
Batting: RHB Jim Scott 0-0: Ball
1-0: Ball
2-0: SINGLE (Line Drive, 6M)
Batting: RHB Henrique Shearman 0-0: Called Strike
0-1: Swinging Strike
0-2: Ball
1-2: Foul Ball, location: 2F
1-2: Fly out, F6 (Line Drive, 6)
Batting: RHB Roberto Escues 0-0: Foul Ball, location: 2F
0-1: Foul Ball, location: 2F
0-2: Ball
1-2: Fly out, F4 (Popup, 4)
Bottom of the 2nd over - 0 run(s), 1 hit(s), 0 error(s), 1 left on base; Washington 0 - Harrisburg 0
TOP OF THE 3RD
Washington Generals batting - Pitching for Harrisburg Harriers : RHP Carlos Ramos
Batting: RHB Julián Salcido 0-0: Called Strike
0-1: Ball
1-1: Ground out 5-3 (Groundball, 5)
Batting: RHB Tim Lehman 0-0: SINGLE (Groundball, 5D)
Batting: RHB Andy Moore 0-0: Called Strike
0-1: Foul Ball, location: 2F
0-2: Ball
1-2: Foul Ball, location: 2F
1-2: Ball
2-2: Foul Ball, location: 2F
2-2: Foul Ball, location: 2F
2-2: Ball
3-2: Fielders Choice at 2nd, 1-4 (Groundball, 15S)
Batting: RHB Iván Rodríguez 0-0: Ball
1-0: Ball
2-0: Called Strike
2-1: Fly out, F7 (Flyball, 7M)
Top of the 3rd over - 0 run(s), 1 hit(s), 0 error(s), 1 left on base; Washington 0 - Harrisburg 0
BOTTOM OF THE 3RD
Harrisburg Harriers batting - Pitching for Washington Generals : RHP Curt Walker
Batting: LHB José Cordero 0-0: Called Strike
0-1: Foul Ball, location: 2F
0-2: Ball
1-2: Strikes out swinging
Batting: LHB Salvador Avilés 0-0: Called Strike
0-1: Called Strike
0-2: Strikes out swinging
Batting: RHB Patrizio Vanali 0-0: Ball
1-0: Called Strike
1-1: Swinging Strike
1-2: Foul Ball, location: 2F
1-2: Fly out, F8 (Flyball, 8RS)
Bottom of the 3rd over - 0 run(s), 0 hit(s), 0 error(s), 0 left on base; Washington 0 - Harrisburg 0
TOP OF THE 4TH
Washington Generals batting - Pitching for Harrisburg Harriers : RHP Carlos Ramos
Batting: RHB Vicente Hernández 0-0: Foul Ball, location: 2F
0-1: Ball
1-1: Foul Ball, location: 2F
1-2: Strikes out swinging
Batting: RHB Harley Gray 0-0: Called Strike
0-1: Ball
1-1: Ball
2-1: Swinging Strike
2-2: Ball
3-2: Strikes out looking
Batting: RHB Arturo Morales 0-0: Foul Ball, location: 2F
0-1: Foul Ball, location: 2F
0-2: Strikes out swinging
Top of the 4th over - 0 run(s), 0 hit(s), 0 error(s), 0 left on base; Washington 0 - Harrisburg 0
BOTTOM OF THE 4TH
Harrisburg Harriers batting - Pitching for Washington Generals : RHP Curt Walker
Batting: LHB Héctor Torres 0-0: Called Strike
0-1: SINGLE (Groundball, 3D)
Batting: RHB Mike Greene 0-0: Called Strike
0-1: Ball
1-1: Fly out, F7 (Flyball, 7S)
Batting: RHB Jorge Figueroa 0-0: Foul Ball, location: 2F
0-1: TRIPLE (Line Drive, 9LM)
Héctor Torres scores
Batting: RHB Jim Scott 0-0: Called Strike
0-1: SINGLE (Groundball, 56D)
Jorge Figueroa scores
Batting: RHB Henrique Shearman 0-0: Called Strike
0-1: SINGLE (Flyball, 3D)
Jim Scott to second
Runner from 2nd tries for 3rd, SAFE, throw made to third
Batting: RHB Roberto Escues 0-0: Grounds into double play, U4-3 (Groundball, 4)
Bottom of the 4th over - 2 run(s), 4 hit(s), 0 error(s), 1 left on base; Washington 0 - Harrisburg 2
TOP OF THE 5TH
Washington Generals batting - Pitching for Harrisburg Harriers : RHP Carlos Ramos
Batting: RHB Jim Unknown 0-0: Called Strike
0-1: Swinging Strike
0-2: Ground out 4-3 (Groundball, 4)
Batting: LHB Jim Unknown 0-0: Called Strike
0-1: Ball
1-1: Foul Ball, location: 2F
1-2: SINGLE (Groundball, 34D)
Batting: RHB Julián Salcido 0-0: Ball
1-0: Called Strike
1-1: Ball
2-1: Grounds out, U3 (Groundball, 3L)
Batting: RHB Tim Lehman 0-0: Ball
1-0: Ball
2-0: Foul Ball, location: 2F
2-1: Called Strike
2-2: Ball
3-2: Foul Ball, location: 2F
3-2: Strikes out looking
Top of the 5th over - 0 run(s), 1 hit(s), 0 error(s), 1 left on base; Washington 0 - Harrisburg 2
BOTTOM OF THE 5TH
Harrisburg Harriers batting - Pitching for Washington Generals : RHP Curt Walker
Batting: LHB José Cordero 0-0: Bunt for hit - play at first, batter OUT! 2-3
Batting: LHB Salvador Avilés 0-0: Ball
1-0: Swinging Strike
1-1: DOUBLE (Flyball, 8LM)
Batting: RHB Patrizio Vanali 0-0: Ball
1-0: Called Strike
1-1: Foul Ball, location: 2F
1-2: Ball
2-2: SINGLE (Line Drive, 9S)
Salvador Avilés to third
Batting: LHB Héctor Torres 0-0: Foul Ball, location: 2F
0-1: Ball
1-1: Swinging Strike
1-2: Ball
2-2: SINGLE (Line Drive, 9S)
Salvador Avilés scores
Patrizio Vanali to second
Runner from 2nd tries for 3rd, SAFE, throw made to third
Batting: RHB Mike Greene 0-0: Ball
1-0: Ball
2-0: Called Strike
2-1: Ball
3-1: Base on Balls
Héctor Torres to second
Pitching: LHP Thomas McGinnis
Batting: RHB Jorge Figueroa 0-0: Called Strike
0-1: Ball
1-1: Ball
2-1: SINGLE (Line Drive, 4MD)
Patrizio Vanali scores
Héctor Torres to third
Mike Greene to second
Batting: RHB Jim Scott 0-0: SINGLE (Flyball, 89S)
Héctor Torres scores
Mike Greene to third
Jorge Figueroa to second
Runner from 3rd tries for Home, throw and OUT!
Batting: RHB Henrique Shearman 0-0: Ball
1-0: Ball
2-0: SINGLE (Flyball, 89M)
Jorge Figueroa to third
Jim Scott to second
Runner from 3rd tries for Home, SAFE, throw made home
Batting: RHB Roberto Escues 0-0: Ball
1-0: Ball
2-0: Called Strike
2-1: Swinging Strike
2-2: Strikes out swinging
Bottom of the 5th over - 4 run(s), 6 hit(s), 0 error(s), 2 left on base; Washington 0 - Harrisburg 6
TOP OF THE 6TH
Washington Generals batting - Pitching for Harrisburg Harriers : RHP Carlos Ramos
Batting: RHB Andy Moore 0-0: Called Strike
0-1: Ball
1-1: Foul Ball, location: 2F
1-2: Ball
2-2: Strikes out looking
Batting: RHB Iván Rodríguez 0-0: Swinging Strike
0-1: Ball
1-1: Ball
2-1: Ball
3-1: Called Strike
3-2: Base on Balls
Batting: RHB Vicente Hernández 0-0: Grounds into double play, U6-3 (Groundball, 6M)
Top of the 6th over - 0 run(s), 0 hit(s), 0 error(s), 0 left on base; Washington 0 - Harrisburg 6
BOTTOM OF THE 6TH
Harrisburg Harriers batting - Pitching for Washington Generals : LHP Thomas McGinnis
Batting: LHB José Cordero 0-0: Foul Ball, location: 2F
0-1: Ball
1-1: Foul Ball, location: 2F
1-2: Strikes out looking
Batting: LHB Salvador Avilés 0-0: Called Strike
0-1: Swinging Strike
0-2: Strikes out swinging
Batting: RHB Patrizio Vanali 0-0: Foul Ball, location: 2F
0-1: Ball
1-1: Ball
2-1: Swinging Strike
2-2: Strikes out swinging
Bottom of the 6th over - 0 run(s), 0 hit(s), 0 error(s), 0 left on base; Washington 0 - Harrisburg 6
TOP OF THE 7TH
Washington Generals batting - Pitching for Harrisburg Harriers : RHP Carlos Ramos
Batting: RHB Harley Gray 0-0: Swinging Strike
0-1: Called Strike
0-2: Foul Ball, location: 2F
0-2: Ball
1-2: Ball
2-2: Strikes out swinging
Batting: RHB Arturo Morales 0-0: Called Strike
0-1: Foul Ball, location: 2F
0-2: Strikes out swinging
Batting: RHB Jim Unknown 0-0: Ball
1-0: Foul Ball, location: 2F
1-1: Ball
2-1: Swinging Strike
2-2: Foul Ball, location: 2F
2-2: Strikes out swinging
Top of the 7th over - 0 run(s), 0 hit(s), 0 error(s), 0 left on base; Washington 0 - Harrisburg 6
BOTTOM OF THE 7TH
Harrisburg Harriers batting - Pitching for Washington Generals : LHP Thomas McGinnis
Batting: LHB Héctor Torres 0-0: Ball
1-0: SINGLE (Groundball, 4MD) (infield hit)
Batting: RHB Mike Greene 0-0: Ball
1-0: Ball
2-0: Called Strike
2-1: Swinging Strike
2-2: Fielders Choice at 2nd, 1-6 (Groundball, 15)
Batting: RHB Jorge Figueroa 0-0: Called Strike
0-1: SINGLE (Line Drive, 4M)
Mike Greene to second
Batting: RHB Jim Scott 0-0: Called Strike
0-1: Foul Ball, location: 2F
0-2: Ball
1-2: Reached on error, E5 (Groundball, 5S)
Mike Greene to third
Jorge Figueroa to second
Batting: RHB Henrique Shearman 0-0: Ball
1-0: SINGLE (Flyball, 89M)
Mike Greene scores
Jorge Figueroa to third
Jim Scott to second
Runner from 3rd tries for Home, SAFE, no throw or cutoff
Pitching: RHP Dorian Roberts
Batting: RHB Roberto Escues 0-0: Ball
1-0: Ground out 5-3 (Groundball, 56S)
Jim Scott to third
Henrique Shearman to second
Batting: LHB José Cordero 0-0: Ball
1-0: Ball
2-0: Called Strike
2-1: Ball
3-1: SINGLE (Groundball, 6MD)
Jim Scott scores
Henrique Shearman to third
Runner from 3rd tries for Home, SAFE, no throw or cutoff
Batting: LHB Salvador Avilés 0-0: Called Strike
0-1: Ground out 5-3 (Groundball, 5S)
Bottom of the 7th over - 4 run(s), 4 hit(s), 1 error(s), 1 left on base; Washington 0 - Harrisburg 10
TOP OF THE 8TH
Washington Generals batting - Pitching for Harrisburg Harriers : RHP Carlos Ramos
Batting: LHB Jim Unknown 0-0: Ball
1-0: Fly out, F4 (Popup, 4MS)
Batting: RHB Julián Salcido 0-0: Ball
1-0: Foul Ball, location: 2F
1-1: SINGLE (Popup, 8LS)
Batting: RHB Tim Lehman 0-0: Grounds out, U3 (Groundball, 3L)
Batting: RHB Andy Moore 0-0: Swinging Strike
0-1: Called Strike
0-2: Strikes out swinging
Top of the 8th over - 0 run(s), 1 hit(s), 0 error(s), 1 left on base; Washington 0 - Harrisburg 10
BOTTOM OF THE 8TH
Harrisburg Harriers batting - Pitching for Washington Generals : RHP Dorian Roberts
Batting: RHB Patrizio Vanali 0-0: Ball
1-0: Foul Ball, location: 2F
1-1: Ball
2-1: Ball
3-1: Called Strike
3-2: Strikes out looking
Batting: LHB Héctor Torres 0-0: Called Strike
0-1: Ground out 4-3 (Groundball, 4)
Batting: RHB Mike Greene 0-0: Ball
1-0: DOUBLE (Groundball, 5L)
Batting: RHB Jorge Figueroa 0-0: Ball
1-0: Ball
2-0: Foul Ball, location: 2F
2-1: Called Strike
2-2: Ball
Wild Pitch!
Mike Greene to third
3-2: Strikes out swinging
Bottom of the 8th over - 0 run(s), 1 hit(s), 0 error(s), 1 left on base; Washington 0 - Harrisburg 10
TOP OF THE 9TH
Washington Generals batting - Pitching for Harrisburg Harriers : RHP Carlos Ramos
Batting: RHB Iván Rodríguez 0-0: Ball
1-0: SINGLE (Line Drive, 7LS)
Batting: RHB Vicente Hernández 0-0: Ball
1-0: Grounds into double play, 5-4-3 (Groundball, 5)
Batting: RHB Harley Gray 0-0: Ground out 5-3 (Groundball, 5)
Top of the 9th over - 0 run(s), 1 hit(s), 0 error(s), 0 left on base; Washington 0 - Harrisburg 10
This league is powered by Out of the Park Baseball, the baseball management simulation game for PC, Mac and Linux
Friday, January 22nd, 2016 - OOTP Baseball 16.9 Build 39